[Event "Early-Titled-Tuesday-Blitz-September-05-2023"]
[Site "Chess.com"]
[Date "2023.09.05"]
[Round "1"]
[White "GM_dmitrij"]
[Black "CarlosjPineror"]
[Result "1-0"]
[WhiteElo "3036"]
[BlackElo "2529"]
[TimeControl "180+1"]
[EndTime "8:07:15 PDT"]
[Termination "GM_dmitrij won by resignation"]

1. Nf3 c5 2. e3 e6 3. d4 Nf6 4.
Bd3 b6 5. O-O Bb7 6. b3 Qc7 7.
c4 d6 8. Nc3 a6 9. Bb2 Nbd7 10.
Rc1 Be7 11. d5 exd5 12. cxd5 b5 13. e4 O-O 14. Re1 Rfe8 15. Ne2 Bf8 16. Ng3 Rac8 17. Rc2 Rcd8 18. h3 Qa5 19. a3 Qb6 20. Qa1 Ra8 21. Nf5 Qd8 22. Qc1 Nh5 23. g4 Nhf6 24. Qf4 Ne5 25.
Nxe5 dxe5 26. Bxe5 Rxe5 27. Qxe5 g6 28. Ng3 Nd7 29. Qf4 Bg7 30. Bf1 Be5 31. Qe3 Qf6 32.
Ne2 g5 33. Bg2 Rc8 34. Rf1 Bf4 35. Nxf4 gxf4 36. Qc3 Qe5 37. Qxe5 Nxe5 38. f3 Kf8 39. Rfc1 Nd7 40. h4 Ke7 41. g5 Kd6 42. Bh3 Ne5 43. Bxc8 Bxc8 44. Rxc5 Bd7 45. Kg2 Nd3 46. Rc6+ Ke5 47. R1c3 Kd4 48. Rxd3+ Kxd3 49. Rf6 1-0

[Event "Early-Titled-Tuesday-Blitz-September-05-2023"]
[Site "Chess.com"]
[Date "2023.09.05"]
[Round "1"]
[White "Kurai"]
[Black "03revilo"]
[Result "0-1"]
[WhiteElo "2689"]
[BlackElo "2418"]
[TimeControl "180+1"]
[EndTime "8:07:16 PDT"]
[Termination "03revilo won by checkmate"]

1. d4 Nf6 2. c4 c5 3. d5 g6 4.
Nc3 Bg7 5. e4 O-O 6. Nf3 d6 7.
Be2 Bg4 8. O-O e6 9. Bf4 e5 10. Be3 h6 11. a3 Nbd7 12. b4 Rc8 13. Nb5 Nxe4 14. Nd2 Bxe2 15. Qxe2 Nxd2 16. Bxd2 Qb6 17. Rab1 a6 18. Nc3 cxb4 19. Rxb4 Qc7 20. Rfb1 Nc5 21.
Ne4 Nxe4 22. Qxe4 f5 23. Qh4 g5 24. Qh5 Qf7 25. Qe2 Rc7 26. Rb6 Qd7 27. Bb4 Rf6 28. h4 gxh4 29. Rb3 Rg6 30. Rh3 e4 31. Ba5 Bf6 32. Qh5 Qg7 33. g3 Rxc4 34. Qxf5 Rc1+ 35. Kg2 hxg3 36. Rxg3 Rxg3+ 37. fxg3 Be5 38. g4 Rc2+ 39. Kh3 Rh2# 0-1

[Event "Early-Titled-Tuesday-Blitz-September-05-2023"]
[Site "Chess.com"]
[Date "2023.09.05"]
[Round "1"]
[White "Irina_Mikhaylova"]
[Black "Vsevolod_Ovchinnikov"]
[Result "1/2-1/2"]
[WhiteElo "2308"]
[BlackElo "2614"]
[TimeControl "180+1"]
[EndTime "8:07:16 PDT"]
[Termination "Game drawn by repetition"]

1. d4 Nf6 2. Nf3 g6 3. c4 Bg7 4. Nc3 d5 5. cxd5 Nxd5 6. Na4 Nb6 7. e4 O-O 8. Be3 Bg4 9. Be2 Nc6 10. d5 Bxf3 11.
Bxf3 Ne5 12. Nxb6 Nxf3+ 13. Qxf3 axb6 14. Qe2 c6 15. dxc6 bxc6 16. O-O Qc7 17. a3 Rfd8 18. Rab1 c5 19. f3 Be5 20. g3 Rd7 21. f4 Bd4 22. Rfd1 Rad8 23. Bxd4 Rxd4 24. Rxd4 Rxd4 25. Rd1 Qd6 26.
Rxd4 Qxd4+ 27. Kg2 e5 28. Kf3 Kg7 29. Qc2 f6 30.
fxe5 Qxe5 31. Qc3 Qxc3+ 32. bxc3 Kf7 33. c4 Ke6 34. Kf4 g5+ 35. Ke3 Ke5 36. g4 Kd6 37. Ke2 Ke5 38. Ke3 h6 39. h3 Ke6 40. Ke2 Kd6 41. Kd3 Ke5 42. Ke3 Kd6 43. Kd3 Ke5 44. Ke3 1/2-1/2

[Event "Early-Titled-Tuesday-Blitz-September-05-2023"]
[Site "Chess.com"]
[Date "2023.09.05"]
[Round "1"]
[White "Roedor"]
[Black "nrvisakh"]
[Result "0-1"]
[WhiteElo "2454"]
[BlackElo "2822"]
[TimeControl "180+1"]
[EndTime "8:07:17 PDT"]
[Termination "nrvisakh won on time"]

1. d4 Nf6 2. c4 e6 3. g3 d5 4.
Bg2 Bb4+ 5. Bd2 Bd6 6. Nf3 Nbd7 7. O-O c6 8. Qc2 O-O 9. Bg5 h6 10. Bxf6 Nxf6 11. Rd1 b6 12. Nc3 Bb7 13. e4 Be7 14. e5 Nd7 15. cxd5 cxd5 16. Bf1 Nb8 17. a4 Nc6 18.
Rac1 Rc8 19. Qd2 Na5 20. Bd3 Nb3 21. Qe2 Nxc1 22. Rxc1 Qd7 23. h4 Bc6 24. Bb1 h5 25. Nh2 g6 26. g4 hxg4 27. Qxg4 Kg7 28. h5 Rh8 29. hxg6 f5 30. exf6+ Bxf6 31. Nf3 Rh6 32. Re1 Re8 33. Ng5 Bxg5 34. Qxg5 Qe7 35. Qg3 Qf6 36.
Re5 Re7 37. Bd3 Re8 38. Kg2 Reh8 39. Be2 Rh2+ 40. Kg1 Rh1+ 41. Kg2 R8h2+ 0-1

[Event "Early-Titled-Tuesday-Blitz-September-05-2023"]
[Site "Chess.com"]
[Date "2023.09.05"]
[Round "1"]
[White "Willychess95"]
[Black "RIPOL"]
[Result "1-0"]
[WhiteElo "2710"]
[BlackElo "2407"]
[TimeControl "180+1"]
[EndTime "8:07:17 PDT"]
[Termination "Willychess95 won on time"]

1. e4 Nf6 2. e5 Nd5 3. d4 d6 4. c4 Nb6 5. f4 dxe5 6. fxe5 c5 7. d5 g6 8. Bf4 Bg7 9. h3 O-O 10. Nc3 e6 11. Nf3 exd5 12. cxd5 N8d7 13. Bb5 a6 14. Bxd7 Nxd7 15. O-O b5 16. d6 Bb7 17.
Nd5 Nb6 18. Ne7+ Kh8 19. Rc1 Nc4 20. b3 Bxf3 21. Qxf3 Nxe5 22. Qd5 Nd7 23. Bg5 Bd4+ 24. Kh1 f6 25. Bh6 Ne5 26. Bxf8 Qxf8 27. Rxf6 Qxf6 28. Qxa8+ Kg7 29. Qd5 Nd3 30. d7 Nf2+ 31. Kh2 Qf4+ 32. g3 Qd2 33. Qg2 Bf6 34. Rf1 Qxd7 35. Nxg6 hxg6 36.
Qxf2 Qd4 37. Qxd4 cxd4 38. Kg2 g5 39. Kf3 Kg6 40. g4 Bg7 41. Ke4 1-0

[Event "Early-Titled-Tuesday-Blitz-September-05-2023"]
[Site "Chess.com"]
[Date "2023.09.05"]
[Round "1"]
[White "tteshan"]
[Black "Gyulamiryan-koryun"]
[Result "1-0"]
[WhiteElo "2566"]
[BlackElo "2068"]
[TimeControl "180+1"]
[EndTime "8:07:17 PDT"]
[Termination "tteshan won on time"]

1. e4 e5 2. Nf3 Nc6 3. Bb5 a6 4. Ba4 Be7 5. O-O Nf6 6. Re1 b5 7. Bb3 O-O 8. a4 b4 9. d3 a5 10. Nbd2 d6 11. h3 Be6 12. Bxe6 fxe6 13. Nc4 Nd4 14.
Nxd4 exd4 15. e5 dxe5 16. Nxe5 Qd5 17. Nc4 Bd6 18. Qe2 Rae8 19. Bd2 e5 20. Nxd6 cxd6 21. c3 dxc3 22. bxc3 bxc3 23. Bxc3 Qa8 24. Qd2 Nd5 25. Bxa5 Nf4 26. Re4 Qd5 27. Rd1 Ra8 28. Bc3 Rfc8 29. g3 Nxh3+ 30. Kg2 Rxc3 31. Qxc3 Ng5 32. Qc4 Qxc4 33.
Rxc4 Ra5 34. Rb1 Ne6 35. Rb5 Ra6 36. a5 Kf7 37. Rb6 Rxa5 38. Rxd6 Nd4 39. Rd7+ Kg6 40.
Rcc7 1-0

[Event "Early-Titled-Tuesday-Blitz-September-05-2023"]
[Site "Chess.com"]
[Date "2023.09.05"]
[Round "1"]
[White "Dewarfd"]
[Black "banane_verte"]
[Result "0-1"]
[WhiteElo "2147"]
[BlackElo "2574"]
[TimeControl "180+1"]
[EndTime "8:07:18 PDT"]
[Termination "banane_verte won by resignation"]

1. d4 Nf6 2. e3 d5 3. Nf3 c5 4. dxc5 e6 5. a3 a5 6. c4 Bxc5 7. Nc3 O-O 8. cxd5 exd5 9. Be2 Nc6 10. O-O Re8 11. Qc2 Bd6 12. Nb5 Bb8 13. Rd1 Bg4 14. b3 Qe7 15. Bb2 Ne5 16. Nxe5 Bxe5 17. Bxe5 Qxe5 18. Rac1 Rac8 19. Qa2 h5 20. h3 Be6 21. Qd2 Ne4 22. Qxa5 Qg5 23. Kh1 Nxf2+ 24. Kh2 Nxd1 25. Rxd1 Qe5+ 26. Kh1 Qxe3 27. Bxh5 Rc1 28. Nd6 Rxd1+ 29. Bxd1 Rf8 30. Nxb7 Qc1 31. Qe1 Qxa3 32. Bf3 Rb8 33.
Qc1 Qxc1+ 34. Kh2 Rxb7 35. b4 Qf4+ 0-1

[Event "Early-Titled-Tuesday-Blitz-September-05-2023"]
[Site "Chess.com"]
[Date "2023.09.05"]
[Round "1"]
[White "The_Princess_Moon"]
[Black "onnoelgersma"]
[Result "1/2-1/2"]
[WhiteElo "2254"]
[BlackElo "2591"]
[TimeControl "180+1"]
[EndTime "8:07:19 PDT"]
[Termination "Game drawn by repetition"]

1. e3 Nf6 2. d4 g6 3. c4 Bg7 4.
Nc3 O-O 5. Nf3 c5 6. Be2 cxd4 7.
exd4 d5 8. O-O Nc6 9. Bg5 Ne4 10.
cxd5 Nxg5 11. dxc6 Nxf3+ 12. Bxf3 bxc6 13. Bxc6 Rb8 14. Qe2 Qxd4 15. Rfd1 Qb6 16. Nd5 Qxb2 17. Nxe7+ Kh8 18.
Qf3 Qxa1 19. Rxa1 Bxa1 20. h4 Be5 21. g3 Be6 22. Bd5 Bxd5 23. Nxd5 Bg7 24. h5 Rbe8 25. Nf6 Re6 26. Ng4 gxh5 27. Ne3 h4 28. gxh4 Rg6+ 29.
Kf1 Kg8 30. Nf5 Re8 31. Nxg7 Rxg7 32. Qf4 Rf8 33. Qf5 f6 34. h5 Rg5 35. Qe6+ Kg7 36.
Qd7+ Rf7 37. h6+ Kg6 38. Qd3+ Kxh6 39. f4 Ra5 40. Qh3+ Kg7 41. Qg4+ Kf8 42. Qc8+ Kg7 43. Qg4+ Kh8 44. Qc8+ Kg7 45. Qg4+ 1/2-1/2

[Event "Early-Titled-Tuesday-Blitz-September-05-2023"]
[Site "Chess.com"]
[Date "2023.09.05"]
[Round "1"]
[White "Brave_spirit12"]
[Black "SaiHanThiha"]
[Result "1-0"]
[WhiteElo "2842"]
[BlackElo "2468"]
[TimeControl "180+1"]
[EndTime "8:07:20 PDT"]
[Termination "Brave_spirit12 won by checkmate"]

1. e4 c6 2. Nc3 d5 3. Nf3 Bg4 4. h3 Bxf3 5. Qxf3 e6 6. d4 Nf6 7. a3 dxe4 8. Qe3 Nbd7 9. Nxe4 Nxe4 10. Qxe4 Nf6 11. Qd3 Bd6 12. Be2 Qc7 13. Be3 Bf4 14. O-O O-O 15. c4 Rad8 16. Bf3 Bxe3 17. fxe3 e5 18.
d5 Qb6 19. b4 cxd5 20. Bxd5 e4 21. Qb3 Nxd5 22. cxd5 Rfe8 23. Rad1 Rd6 24. Rd4 g6 25. Qc4 Re5 26. Rxe4 Rexd5 27. Re8+ Kg7 28. Re7 Rf6 29. Rxf7+ Rxf7 30. Rxf7+ Kxf7 31. Qxd5+ Kg7 32. Qd4+ Kf7 33. Qxb6 axb6 34. Kf2 Ke6 35. e4 Ke5 36. Ke3 b5 37. g3 g5 38. Kd3 h6 39. Ke3 h5 40. h4 gxh4 41. gxh4 b6 42. Kf3 Kd4 43. Kf4 Kc4 44. e5 Kb3 45. e6 Kxa3 46. e7 Kxb4 47. e8=Q Ka3 48. Qxh5 b4 49. Qb5 b3 50. Ke3 b2 51.
Kd2 Ka2 52. Kc2 Ka3 53. Qb3# 1-0

[Event "Early-Titled-Tuesday-Blitz-September-05-2023"]
[Site "Chess.com"]
[Date "2023.09.05"]
[Round "1"]
[White "RobertoJBM"]
[Black "IM_Tissir"]
[Result "1-0"]
[WhiteElo "2823"]
[BlackElo "2456"]
[TimeControl "180+1"]
[EndTime "8:07:20 PDT"]
[Termination "RobertoJBM won by resignation"]

1. d4 Nf6 2. c4 g6 3. Nc3 Bg7 4. e4 d6 5. Nf3 O-O 6. Be2 e5 7. O-O Nbd7 8. Re1 c6 9. Bf1 h6 10. Rb1 a5 11. b3 Re8 12. h3 exd4 13. Nxd4 Nc5 14. f3 Nh5 15. Be3 Kh7 16. g4 Nf6 17.
Qd2 Nfd7 18. Rbd1 Qf6 19. Qf2 Qe7 20. Rd2 Bf6 21. Red1 Bh4 22. Qg2 Bg5 23. f4 Bf6 24.
Nde2 Nxe4 25. Nxe4 Qxe4 26. Qxe4 Rxe4 27. Bf2 a4 28. Rxd6 axb3 29. axb3 Re7 30. Ng3 Ra2 31.
R6d2 Ra3 32. Rd3 Ra2 33. R1d2 Ra1 34. Kg2 Bg7 35. Be2 Nf6 36. Bf3 Be6 37. Bc5 Rd7 38.
Bd4 Rb1 39. f5 gxf5 40. gxf5 c5 41. Bxf6 Rxd3 42. Rxd3 Bxf6 43. fxe6 fxe6 44. Be4+ Kg8 45. Rf3 Bd4 46. Bxb1 1-0

[Event "Early-Titled-Tuesday-Blitz-September-05-2023"]
[Site "Chess.com"]
[Date "2023.09.05"]
[Round "1"]
[White "Aygehovit1992"]
[Black "Srisshhhtea"]
[Result "1/2-1/2"]
[WhiteElo "2699"]
[BlackElo "2411"]
[TimeControl "180+1"]
[EndTime "8:07:20 PDT"]
[Termination "Game drawn by repetition"]

1. e4 e5 2. Nf3 Nc6 3. Bb5 a6 4. Ba4 d6 5. Nc3 Bg4 6. h3 Bxf3 7. Bxc6+ bxc6 8. Qxf3 Nf6 9. O-O Be7 10. Rd1 O-O 11.
d4 exd4 12. Rxd4 Nd7 13. Bf4 Bf6 14. Rd3 Ne5 15. Bxe5 Bxe5 16. Nd1 Rb8 17. Rb1 Qc8 18. b3 c5 19. Ne3 Bd4 20. Nf5 Bf6 21. Rbd1 Qe6 22. c4 Rfe8 23. Re3 g6 24. Nh6+ Kg7 25. Ng4 Bd4 26. Ree1 f5 27. exf5 Qxe1+ 28. Rxe1 Rxe1+ 29. Kh2 Rf8 30. Qc6 gxf5 31. Ne3 Be5+ 32. g3 f4 33. gxf4 Rxf4 34. Kg2 Re2 35. Ng4 Bd4 36. Qxc7+ Rf7 37. Qxd6 Bxf2 38. Qh6+ Kh8 39. Nxf2 Rfxf2+ 40. Kg3 Rg2+ 41. Kf3 Rgf2+ 42. Kg4 Rg2+ 43. Kf5 Rgf2+ 44. Kg5 Rg2+ 45. Kf4 Rgf2+ 46. Kg3 Rg2+ 47. Kf3 Rgf2+ 48. Kg3 1/2-1/2

[Event "Early-Titled-Tuesday-Blitz-September-05-2023"]
[Site "Chess.com"]
[Date "2023.09.05"]
[Round "1"]
[White "Chessbard1972"]
[Black "Aanna12"]
[Result "1-0"]
[WhiteElo "2559"]
[BlackElo "2021"]
[TimeControl "180+1"]
[EndTime "8:07:20 PDT"]
[Termination "Chessbard1972 won on time"]

1. d4 Nf6 2. c4 c5 3. d5 b5 4. cxb5 a6 5. b6 Qxb6 6. Nc3 g6 7. Nf3 d6 8. Nd2 Bg7 9. Nc4 Qd8 10. e4 O-O 11. Be2 Nbd7 12. a4 Rb8 13. a5 Ne8 14. O-O Nc7 15. Na4 Nb5 16. Nab6 Nxb6 17. Nxb6 Nd4 18. Bc4 e6 19. Ra3 exd5 20. Bxd5 Bd7 21.
Re1 Bb5 22. h3 Re8 23. Bf4 Be5 24. Bxe5 Rxe5 25. f4 Re8 26. Rae3 Qf6 27. Qg4 h5 28. Qg3 Nc2 29. e5 Qg7 30. e6 f5 31. e7+ Kh7 32.
Kh2 Nxe3 33. Qxe3 Qd4 34. Qe6 Qxf4+ 35. Kh1 Qf2 36. Qf7+ Kh6 37. Rd1 Qe2 38. Bf3 Qxe7 39. Qb3 Qe3 40. Qc2 Re5 41. Rxd6 Qe1+ 42. Kh2 h4 43.
Qd2+ Qxd2 44. Rxd2 Rbe8 45. Nd5 Re1 46. Nf4 Rb1 47.
Rd6 Rg8 48. Bd5 Rg7 49. Ne6 Re7 50. Nf8 Rg7 51. Ne6 Re7 52. b3 1-0

[Event "Early-Titled-Tuesday-Blitz-September-05-2023"]
[Site "Chess.com"]
[Date "2023.09.05"]
[Round "1"]
[White "Doomfist26"]
[Black "bolwin"]
[Result "1-0"]
[WhiteElo "2602"]
[BlackElo "2266"]
[TimeControl "180+1"]
[EndTime "8:07:21 PDT"]
[Termination "Doomfist26 won by resignation"]

1. e4 Nf6 2. e5 Nd5 3. d4 d6 4. Nf3 Bg4 5. Be2 e6 6. exd6 cxd6 7. c4 Nb6 8. O-O Be7 9. Nc3 O-O 10. h3 Bh5 11. b3 Nc6 12. Be3 d5 13. c5 Nc8 14.
b4 a6 15. Rb1 Bf6 16. a4 h6 17. b5 axb5 18. axb5 Na5 19. Ra1 Ne7 20. Nd2 Bxe2 21. Qxe2 Nf5 22. Qd3 Nxe3 23. fxe3 e5 24. Na4 exd4 25.
exd4 Re8 26. Nb6 Ra7 27. Qc3 Re2 28. Nf3 Qe8 29. Rxa5 Rxa5 30. Qxa5 Qe4 31. Re1 Bxd4+ 32. Kh1 Bf2 33. Rxe2 Qxe2 34. Qa1 Qxb5 35. Nxd5 Qxc5 36.
Nc3 b5 37. Ne4 Qc4 38. Nxf2 b4 39. Qd4 Qc1+ 40. Qd1 b3 41. Qxc1 1-0

[Event "Early-Titled-Tuesday-Blitz-September-05-2023"]
[Site "Chess.com"]
[Date "2023.09.05"]
[Round "1"]
[White "FARIZA2018"]
[Black "wonderfultime"]
[Result "0-1"]
[WhiteElo "2522"]
[BlackElo "2991"]
[TimeControl "180+1"]
[EndTime "8:07:22 PDT"]
[Termination "wonderfultime won by resignation"]

1. e4 c5 2. Nf3 Nf6 3. e5 Nd5 4. d4 cxd4 5. Qxd4 e6 6. Bc4 Nc6 7. Qe4 f5 8. Qe2 Nde7 9. O-O a6 10. a4 Ng6 11. Nc3 Be7 12. Bd2 O-O 13. Rab1 Qc7 14. Rfe1 b6 15. b4 Bb7 16. b5 axb5 17. Nxb5 Qd8 18.
Bb3 Bc5 19. Nd6 Ba6 20. Bc4 Bxc4 21. Qxc4 Ncxe5 22. Nxe5 Bxd6 23. Nxg6 hxg6 24. Rb3 Qc7 25. Qd4 Bxh2+ 26. Kh1 Bd6 27. Rh3 Bc5 28. Qh4 Kf7 29.
Bf4 Qc6 30. Be5 Rh8 31. Qxh8 Rxh8 32. Rxh8 Qxa4 33. c3 d6 34. Bd4 Bxd4 35. cxd4 Qxd4 36. Kg1 g5 37. Rb8 g4 38. g3 g5 39. Rb1 f4 40. gxf4 gxf4 41. Rb7+ Kf6 42. Kg2 Qe4+ 0-1

[Event "Early-Titled-Tuesday-Blitz-September-05-2023"]
[Site "Chess.com"]
[Date "2023.09.05"]
[Round "1"]
[White "kingofthenil"]
[Black "Mr_Lion22"]
[Result "1-0"]
[WhiteElo "2726"]
[BlackElo "2411"]
[TimeControl "180+1"]
[EndTime "8:07:23 PDT"]
[Termination "kingofthenil won on time"]

1. e4 c5 2. Nf3 d6 3. d4 cxd4 4. Nxd4 Nf6 5. Nc3 a6 6. g3 e5 7. Nde2 Be6 8. Bg2 h5 9. Bg5 Nbd7 10. f4 Qb6 11. h3 Rc8 12. Qd2 Qxb2 13. Rb1 Qa3 14. Rxb7 Be7 15. O-O Bd8 16. Nd5 Bxd5 17. exd5 Qc5+ 18. Kh1 Qxc2 19. Qe3 Nc5 20. fxe5 Ng4 21.
hxg4 hxg4+ 22. Kg1 Bxg5 23. Qxg5 Nxb7 24. Qxg7 Qh7 25. Qf6 Qh2+ 26. Kf2 Rh6 27. Qf5 Rd8 28. Rh1 Qxh1 29. Bxh1 Rxh1 30. e6 fxe6 31. dxe6 1-0

[Event "Early-Titled-Tuesday-Blitz-September-05-2023"]
[Site "Chess.com"]
[Date "2023.09.05"]
[Round "1"]
[White "Sanan_Sjugirov"]
[Black "AleksanderHnydiuk"]
[Result "0-1"]
[WhiteElo "2902"]
[BlackElo "2511"]
[TimeControl "180+1"]
[EndTime "8:07:24 PDT"]
[Termination "AleksanderHnydiuk won on time"]

1. e4 c5 2. Nf3 e6 3. d3 Nc6 4. g3 Nf6 5. Bg2 Be7 6. O-O O-O 7. Qe2 e5 8. c4 d6 9. h3 Ne8 10. Nc3 Nc7 11. Nd5 f5 12. exf5 Bxf5 13. Nxc7 Qxc7 14. Be3 Rae8 15. Nd2 Kh8 16. Ne4 Qd7 17.
Kh2 Bd8 18. a3 a5 19. Rae1 Bg6 20. Qd1 Nd4 21. Nc3 h5 22. Nd5 h4 23. g4 Rf7 24. f4 exf4 25. Nxf4 Bh7 26. Bxd4 cxd4 27. Bd5 Rff8 28. Rxe8 Rxe8 29. Qf3 Bg5 30. Ng2 Bg6 31. Bf7 Rf8 32. Bxg6 Rxf3 33. Rxf3 Bf6 34. Be4 Qe7 35. Rf5 g6 36. Rxa5 Kg7 37. Rb5 b6 38. Rxb6 Qe5+ 39. Kg1 Qg3 40. Rb7+ Kh6 41. Rf7 Bg5 42. Kf1 Qxh3 43.
Bf3 Qg3 44. Ne1 h3 0-1

[Event "Early-Titled-Tuesday-Blitz-September-05-2023"]
[Site "Chess.com"]
[Date "2023.09.05"]
[Round "1"]
[White "Beltraxtor"]
[Black "Magila31"]
[Result "1-0"]
[WhiteElo "2754"]
[BlackElo "2422"]
[TimeControl "180+1"]
[EndTime "8:07:24 PDT"]
[Termination "Beltraxtor won on time"]

1. e4 g6 2. d4 Bg7 3. Nc3 d6 4. Nf3 a6 5. Be2 Nd7 6. O-O b5 7. Re1 e6 8. a4 b4 9. Na2 Rb8 10. c3 bxc3 11. bxc3 Ne7 12. Ba3 O-O 13. Rb1 Bb7 14.
Bd3 Nf6 15. Qe2 Qd7 16. e5 Nfd5 17. exd6 cxd6 18. Qc2 Rfc8 19. a5 Nxc3 20. Nxc3 Bxf3 21. Rxb8 Rxb8 22. gxf3 Bxd4 23. Ne4 Nf5 24. Bxa6 d5 25. Nc5 Qe7 26. Bd3 Qg5+ 27. Kh1 Nh4 28. Rg1 Qf4 29. Rg3 Rc8 30. Nxe6 Qb8 31. Qe2 fxe6 32. Qxe6+ Kh8 33. Qxd5 Rd8 34. Qg5 Qe5 35. Qxh4 Re8 36. Rg1 1-0

[Event "Early-Titled-Tuesday-Blitz-September-05-2023"]
[Site "Chess.com"]
[Date "2023.09.05"]
[Round "1"]
[White "Goi_Manne"]
[Black "Mikedannnn"]
[Result "0-1"]
[WhiteElo "2295"]
[BlackElo "2617"]
[TimeControl "180+1"]
[EndTime "8:07:24 PDT"]
[Termination "Mikedannnn won by checkmate"]

1. e4 c5 2. c3 d6 3. Bb5+ Bd7 4. Bxd7+ Nxd7 5. Nf3 Ngf6 6. Qe2 g6 7. O-O Bg7 8. Rd1 O-O 9. d4 Qc7 10. h3 e5 11. dxe5 dxe5 12. Bg5 h6 13. Bh4 g5 14.
Bg3 Nh5 15. Bh2 Nf4 16. Bxf4 exf4 17. Nbd2 Rfe8 18. Nc4 Re6 19. Qd3 Nb6 20. Nxb6 Qxb6 21. Rd2 Rae8 22. Re1 Qc6 23. Rde2 c4 24. Qc2 Qc5 25. Rd1 b5 26. Rd7 a5 27. Nd4 Bxd4 28.
cxd4 Qc6 29. Rd5 Qxd5 30. exd5 Rxe2 31. Qf5 Rxb2 32. d6 c3 33. d7 Rf8 34. Qc5 c2 35.
Qxf8+ Kxf8 36. d8=Q+ Kg7 37. Qc7 Rb1+ 38. Kh2 c1=Q 39.
Qe5+ Kh7 40. Qf5+ Kg8 41. Qe5 Qg1# 0-1

[Event "Early-Titled-Tuesday-Blitz-September-05-2023"]
[Site "Chess.com"]
[Date "2023.09.05"]
[Round "1"]
[White "BahadirOzen"]
[Black "fen_fire"]
[Result "1-0"]
[WhiteElo "2805"]
[BlackElo "2441"]
[TimeControl "180+1"]
[EndTime "8:07:27 PDT"]
[Termination "BahadirOzen won on time"]

1. g3 c6 2. Nf3 d5 3. Bg2 Nf6 4.
O-O Bf5 5. d3 h6 6. c4 e6 7. Qb3 Qb6 8. Be3 Qxb3 9. axb3 a6 10. Bd4 Nbd7 11. Bc3 Be7 12. Nbd2 O-O 13. b4 Rfd8 14.
h3 Nb6 15. c5 Nc8 16. Nb3 Nd7 17. Na5 Rb8 18. Rfe1 Na7 19. Nd4 Bg6 20. f4 Nb5 21. Ndxc6 bxc6 22. Nxc6 Ra8 23. Nxe7+ Kf8 24. Nxg6+ fxg6 25. Ra5 Nc7 26. Rea1 Rab8 27. e4 d4 28. Bxd4 Rxb4 29.
Bc3 Rb5 30. b4 e5 31. Kf2 Kf7 32. Ke3 Ne6 33. Rxb5 axb5 34. Ra7 exf4+ 35. gxf4 Ke8 36. h4 Nb8 37. e5 Nd7 38. Bc6 Ke7 39. d4 Nf8 40. d5 Ke8 41. e6 Ke7 42. Be5 1-0

[Event "Early-Titled-Tuesday-Blitz-September-05-2023"]
[Site "Chess.com"]
[Date "2023.09.05"]
[Round "1"]
[White "Andrej2004"]
[Black "Bobbybunny"]
[Result "1-0"]
[WhiteElo "2574"]
[BlackElo "2148"]
[TimeControl "180+1"]
[EndTime "8:07:27 PDT"]
[Termination "Andrej2004 won by resignation"]

1. Nf3 c5 2. c4 Nc6 3. b3 Nf6 4. Bb2 g6 5. g3 Bg7 6. Bg2 O-O 7. O-O d6 8. Nc3 e5 9. d3 h6 10. Nd2 Be6 11. a3 Qd7 12. Re1 Bh3 13. Bh1 Rad8 14.
b4 b6 15. b5 Nd4 16. a4 h5 17. e3 Nf5 18. a5 Nh6 19. axb6 axb6 20. Ra6 Qc7 21.
Nde4 Bg4 22. Nxf6+ Bxf6 23. Qa4 Be6 24. Ra7 Qc8 25. Qa6 h4 26. Qxb6 hxg3 27. Rc7 Qb8 28. Qxb8 gxf2+ 29. Kxf2 Rxb8 30. Ne4 Ng4+ 31. Kg3 Bd8 32. Ra7 f5 33. Nxd6 f4+ 34. exf4 exf4+ 35. Kf3 Bf6 36. Rxe6 Bxb2 37. Kxg4 Rf6 38. Bd5 Kh8 39. Rxf6 Bxf6 40. Kxf4 Rf8 41. Nf7+ Kg7 42. Kg4 Bd4 43. Ne5+ Kf6 44. Nd7+ Ke7 45. Nxf8+ Kxf8 46. Rf7+ Ke8 47. b6 1-0

[Event "Early-Titled-Tuesday-Blitz-September-05-2023"]
[Site "Chess.com"]
[Date "2023.09.05"]
[Round "1"]
[White "kikoveiga"]
[Black "HanSchut"]
[Result "1-0"]
[WhiteElo "2599"]
[BlackElo "2249"]
[TimeControl "180+1"]
[EndTime "8:07:31 PDT"]
[Termination "kikoveiga won by resignation"]

1. e4 c5 2. g3 g6 3. Bg2 Bg7 4. Ne2 Nc6 5. O-O e6 6. c3 Nge7 7. d4 cxd4 8. cxd4 d5 9. e5 h6 10. Nbc3 O-O 11. b3 Bd7 12. Ba3 Re8 13. Qd2 a6 14.
Rfc1 b5 15. Bd6 Nf5 16. Bc5 Rc8 17. b4 Kh7 18. a4 bxa4 19. Nxa4 a5 20. b5 Nb4 21. Bxb4 axb4 22. Qxb4 Rb8 23. b6 Bxa4 24. Qxa4 Qxb6 25. Bh3 Ra8 26. Qd1 Rxa1 27. Rxa1 Rb8 28. Bxf5 gxf5 29. Nf4 Bf8 30. Qh5 Rb7 31. Rd1 Qd8 32. h4 Qa5 33. Kg2 Qa2 34. Rd3 Kg7 35.
g4 Rb2 36. Rf3 Rb3 37. gxf5 Rxf3 38. Qxf3 exf5 39. Nxd5 Qb2 40. Qg3+ Kh8 41. Nf6 Bg7 42. Nh5 Bf8 43. Qf4 Qc2 44. Ng3 Bg7 45. Qxf5 Qc3 46. Qxf7 Qxd4 47. Qxg7+ Kxg7 48. Nf5+ Kg6 49. Nxd4 1-0

[Event "Early-Titled-Tuesday-Blitz-September-05-2023"]
[Site "Chess.com"]
[Date "2023.09.05"]
[Round "1"]
[White "Virgo15"]
[Black "IPAchess"]
[Result "0-1"]
[WhiteElo "2686"]
[BlackElo "2416"]
[TimeControl "180+1"]
[EndTime "8:07:32 PDT"]
[Termination "IPAchess won by resignation"]

1. d4 d5 2. Bf4 Nf6 3. e3 e6 4. Nf3 Bd6 5. Bg3 O-O 6. Nbd2 c5 7. c3 Qc7 8. dxc5 Bxg3 9. hxg3 Qxc5 10. Bd3 Nc6 11.
Nd4 e5 12. Bxh7+ Kh8 13. Bc2+ Kg8 14. N2b3 Qb6 15. Bh7+ Kh8 16. Bf5+ Kg8 17. Nxc6 bxc6 18. g4 Bxf5 19. gxf5 a5 20. Qf3 Rfd8 21. g4 a4 22. Nd2 Qxb2 23. Rb1 Qxc3 24. Qh3 Kf8 25. g5 Ne4 26.
Rd1 d4 27. f6 gxf6 28. gxf6 Nxf6 29. Qf5 dxe3 30. Qxf6 exd2+ 31. Kf1 Qc4+ 32. Kg2 Qg4+ 33. Kh2 Qf4+ 34. Qxf4 exf4 35. Kg2 c5 36. Rh4 c4 37. Rxf4 c3 38. Rc4 Rac8 0-1

[Event "Early-Titled-Tuesday-Blitz-September-05-2023"]
[Site "Chess.com"]
[Date "2023.09.05"]
[Round "1"]
[White "DenLaz"]
[Black "joksijoksi"]
[Result "1-0"]
[WhiteElo "3068"]
[BlackElo "2541"]
[TimeControl "180+1"]
[EndTime "8:07:33 PDT"]
[Termination "DenLaz won by resignation"]

1. d4 d5 2. c4 c6 3. Nf3 Nf6 4. Qc2 dxc4 5. Qxc4 Bf5 6. g3 e6 7. Bg2 Be7 8. O-O O-O 9. Qb3 Qb6 10. Nbd2 Ne4 11.
Nc4 Qa6 12. Nh4 Bxh4 13. gxh4 Rd8 14. f3 Nf6 15. e4 Bg6 16. Be3 Nbd7 17. Rac1 Rac8 18. Rfd1 h6 19. Bf1 b5 20. Nd6 Rb8 21. Qc3 Nb6 22. Qxc6 Qxa2 23. Nxb5 Qb3 24. Qc3 Qxc3 25.
bxc3 Bh5 26. Kf2 a6 27. Na3 a5 28. Be2 Rdc8 29. c4 Na4 30. Nb5 Nb6 31. c5 Nbd7 32.
Nd6 Rc7 33. Rb1 Ra8 34. Ra1 e5 35. Nb5 Rcc8 36. Rdc1 exd4 37. Bxd4 a4 38. c6 Nf8 39.
Nd6 Rd8 40. Nf5 Ng6 41. c7 Rdc8 42. Bxf6 gxf6 43. Nd6 Nf4 44. Nxc8 Rxc8 45. Rxa4 Kf8 46. Ba6 1-0

[Event "Early-Titled-Tuesday-Blitz-September-05-2023"]
[Site "Chess.com"]
[Date "2023.09.05"]
[Round "1"]
[White "WhiteKnight2612"]
[Black "topin8"]
[Result "1-0"]
[WhiteElo "2854"]
[BlackElo "2471"]
[TimeControl "180+1"]
[EndTime "8:07:33 PDT"]
[Termination "WhiteKnight2612 won on time"]

1. Nf3 c5 2. g3 Nc6 3. Bg2 g6 4. O-O Bg7 5. c4 e5 6. Nc3 Nge7 7. d3 O-O 8. Re1 d6 9. Nd2 Be6 10. Nf1 d5 11. cxd5 Nxd5 12. Bd2 Rc8 13. Rb1 Nxc3 14. bxc3 b6 15. c4 f5 16. Ne3 Ne7 17.
a4 Rb8 18. a5 Qd7 19. Bc3 b5 20. cxb5 Rxb5 21. Rxb5 Qxb5 22. Qa1 Rb8 23. Bxe5 Bxe5 24. Qxe5 Kf7 25. Nd5 Nxd5 26. Bxd5 Re8 27. Qc7+ Re7 28.
Bxe6+ Kxe6 29. Qc8+ Kf7 30. Qh8 Qxa5 31. Qxh7+ Kf6 32. Qh4+ Kf7 33. Qc4+ Kg7 34. Rb1 Qc7 35. e3 Rd7 36. Rb5 Qd6 37. Qc3+ Kf7 38. Rb3 Qd5 39. h4 Qf3 40. Rb1 Qd5 41. Rb8 Qf3 42. Qh8 Rxd3 43. Qg8+ 1-0